Map: 2000 Atmospheres LE

Players

SpeCial

  • Race: Terran Terran

Serral - Winner!

  • Race: Zerg Zerg

Event: IEM Katowice 2022

VOD

Have the link to the VOD?

Description

Time

  • Played on: Feb. 24, 2022, 1:59 p.m.
  • Length: 14:16

All games in this series

Show
View Real Time Build Order
Export as new Build Order

SpeCial Terran 

Build Orders: Hellion Opening 

Get SALT Encoding   

  12  0:00  SCV  
  13  0:12  SCV  
  14  0:17  Supply Depot  
  14  0:24  SCV  
  15  0:38  SCV  
  15  0:40  Barracks  
  16  0:42  Refinery  
  16  0:51  SCV  
  17  1:03  SCV  
  18  1:15  SCV  
  19  1:26  Marine  
  19  1:27  Orbital Command  
  20  1:37  Command Center  
  20  1:44  Marine  
  21  1:47  Supply Depot  
  21  1:53  SCV  
  22  2:02  Marine  
  23  2:09  SCV  
  23  2:10  Factory  
  24  2:21  SCV  
  25  2:23  Barracks Reactor, Refinery  
  25  2:33  SCV  
  26  2:45  SCV  
  26  2:49  Orbital Command  
  27  2:57  SCV  
  28  3:00  Starport  
  28  3:10  SCV  
  28  3:11  Hellion  
  28  3:12  Hellion  
  32  3:15  SCV  
  32  3:16  Barracks Tech Lab  
  33  3:22  SCV  
  34  3:27  SCV, Bunker  
  34  3:29  Supply Depot  
  34  3:33  Hellion x2  
  39  3:35  SCV  
  39  3:39  SCV  
  41  3:44  Raven  
  41  3:47  SCV  
  41  3:48  Marine  
  45  3:53  Supply Depot  
  45  3:54  Hellion  
  47  3:56  SCV  
  47  3:57  Hellion  
  50  4:05  SCV  
  50  4:08  SCV  
  52  4:11  Barracks Tech Lab  
  52  4:18  Command Center  
  52  4:20  SCV  
  52  4:22  SCV  
  54  4:27  Hellion, Raven  
  54  4:31  Hellion  
  60  4:38  SCV  
  61  4:39  Supply Depot, SCV  
  58  4:46  Marine, Stimpack  
  58  4:50  SCV  
  58  4:51  SCV  
  61  5:01  Hellion x2  
  61  5:03  Marine  
  61  5:06  SCV x2, Barracks  
  68  5:14  Barracks  
  68  5:18  SCV x2  
  68  5:19  Starport Reactor  
  70  5:29  Marine  
  70  5:30  SCV x2  
  70  5:31  Orbital Command  
  73  5:36  Refinery  
  73  5:37  Refinery, Engineering Bay  
  73  5:38  Factory Reactor  
  73  5:39  Engineering Bay  
  73  5:42  SCV x2  
  75  5:47  Marine  
  75  5:49  Supply Depot  
  76  5:50  Barracks  
  76  5:51  Barracks  
  76  5:54  SCV x2  
  76  5:56  Orbital Command  
  76  6:05  Marine  
  76  6:06  SCV x2, Marine  
  76  6:07  Supply Depot, Marine  
  81  6:17  Medivac  
  81  6:18  Medivac  
  83  6:22  Widow Mine x2, SCV x2, Marine  
  83  6:23  SCV  
  83  6:24  Marine  
  83  6:25  Marine  
  89  6:32  Combat Shield  
  83  6:34  SCV x2  
  83  6:36  SCV  
  83  6:38  Barracks Reactor  
  80  6:40  Marine  
  80  6:41  Barracks Reactor x2  
  80  6:42  Marine  
  80  6:43  Marine  
  80  6:45  Terran Infantry Weapons Level 1  
  80  6:46  SCV x2, Terran Infantry Armor Level 1  
  83  6:48  SCV  
  83  6:51  Widow Mine, Refinery  
  86  6:58  SCV x2, Marine  
  86  6:59  Marine  
  86  7:00  Supply Depot, SCV, Marine  
  92  7:02  Supply Depot  
  92  7:03  Medivac  
  92  7:05  Widow Mine  
  96  7:10  SCV  
  96  7:11  SCV  
  96  7:12  SCV  
  96  7:14  Supply Depot, Marine  
  100  7:16  Marine  
  100  7:21  Marine x5  
  106  7:23  SCV x2  
  106  7:27  Marine  
  105  7:31  Marine  
  105  7:32  Marine  
  105  7:34  Marine  
  98  7:39  Supply Depot, Marine x5  
  98  7:40  SCV x3  
  98  7:41  Command Center  
  104  7:47  Refinery  
  104  7:50  Armory  
  104  7:51  Marine x2, Factory  
  104  7:52  SCV  
  104  7:53  SCV  
  104  7:54  Marine x2  
  104  7:57  Widow Mine, Marine  
  113  8:00  Widow Mine  
  113  8:05  Marine x4  
  117  8:09  Marine x2  
  117  8:10  Supply Depot  
  117  8:11  Supply Depot  
  117  8:12  Marine  
  126  8:21  Marine  
  126  8:23  Marine  
  126  8:24  Widow Mine x2, Marine x2  
  126  8:25  Marine  
  133  8:32  Marine x4  
  133  8:34  SCV x2, Medivac x2  
  137  8:35  SCV  
  137  8:36  Supply Depot  
  137  8:38  Widow Mine, Drilling Claws, Supply Depot  
  137  8:39  Marine  
  137  8:40  Marine  
  144  8:42  Marine x3  
  144  8:46  Widow Mine x2  
  144  8:48  SCV x2  
  153  8:49  Marine, Sensor Tower  
  153  8:50  SCV  
  155  8:58  Terran Infantry Armor Level 2, Terran Infantry Weapons Level 2  
  155  9:04  Medivac x2  
  155  9:05  Marine  
  155  9:06  Marine x3, Marauder  
  155  9:07  Marine  
  143  9:18  SCV x3  
  143  9:22  Terran Vehicle And Ship Armor Level 1  
  146  9:30  SCV x3  
  148  9:41  Marine x2  
  148  9:42  SCV x2, Marine x2, Marauder  
  148  9:43  Planetary Fortress  
  156  9:48  SCV  
  156  9:52  Supply Depot  
  156  9:53  Supply Depot  
  156  9:56  Marine  
  156  9:58  Marine  
  156  10:01  Starport  
  156  10:02  Starport  
  156  10:04  Fusion Core  
  156  10:06  Marine  
  155  10:07  Marauder  
  135  10:19  Siege Tank  
  127  10:21  Marine  
  127  10:22  Marine  
  127  10:23  Marine x2  
  127  10:26  SCV x4  
  131  10:28  Factory Tech Lab  
  131  10:29  Marauder  
  133  10:35  Sensor Tower  
  133  10:38  SCV x4  
  133  10:41  Starport Tech Lab  
  133  10:42  Starport Tech Lab  
  137  10:47  Starport Tech Lab, Marine  
  137  10:48  Supply Depot  
  137  10:49  Marine x3  
  141  10:50  SCV x2, Marauder  
  141  10:53  SCV  
  144  11:00  Refinery x2  
  144  11:01  Battlecruiser  
  149  11:10  Battlecruiser  
  139  11:20  SCV  
  139  11:21  Marine  
  139  11:22  Marauder  
  144  11:31  Command Center  
  141  11:46  Battlecruiser  
  144  11:50  Supply Depot  
  144  11:55  Siege Tank  
  144  11:57  Siege Tank  
  144  11:59  Marine  
  151  12:02  SCV x2  
  151  12:08  Weapon Refit  
  143  12:23  Battlecruiser  
  143  12:26  SCV x2  
  143  12:27  Siege Tank  
  143  12:37  Siege Tank  
  143  12:39  Battlecruiser  
  154  12:48  Command Center  
  152  12:59  Siege Tank  
  155  13:10  SCV  
  156  13:13  SCV x2  
  164  13:31  Siege Tank  
  172  13:48  SCV x3  
Show
View Real Time Build Order
Export as new Build Order

Serral Zerg - Winner!

Build Orders: Pool First 

Get SALT Encoding   

  12  0:00  Drone  
  13  0:12  Overlord  
  13  0:16  Drone  
  14  0:30  Drone x2  
  14  0:34  Drone  
  17  0:44  Extractor  
  17  0:45  Drone  
  17  0:49  Spawning Pool  
  16  0:55  Drone  
  17  1:06  Drone  
  18  1:19  Hatchery  
  18  1:20  Drone  
  18  1:35  Queen  
  18  1:36  Zergling x2  
  18  1:38  Zergling x2  
  22  1:45  Metabolic Boost  
  22  1:52  Overlord  
  22  2:10  Zergling x2  
  22  2:11  Drone  
  22  2:13  Queen  
  26  2:21  Drone  
  27  2:32  Drone x2, Queen  
  31  2:42  Drone  
  32  2:45  Drone x3  
  32  2:48  Pneumatized Carapace  
  35  2:54  Drone  
  35  2:56  Overlord  
  35  3:17  Overlord  
  35  3:19  Hatchery  
  34  3:20  Overlord  
  34  3:21  Drone  
  35  3:36  Drone x2  
  35  3:37  Drone x2  
  35  3:38  Drone x2  
  41  3:42  Queen x2  
  41  3:45  Drone x2  
  47  3:51  Overlord  
  47  3:52  Zergling x2  
  47  3:53  Zergling x2  
  49  3:59  Zergling x6  
  52  4:11  Drone  
  52  4:15  Hatchery  
  52  4:16  Zergling x2  
  52  4:17  Zergling x4  
  55  4:23  Overlord  
  55  4:25  Zergling x4  
  55  4:29  Queen  
  59  4:32  Queen  
  61  4:40  Overlord  
  61  4:43  Drone x5  
  64  4:48  Drone x2  
  66  4:53  Drone x2  
  66  4:56  Queen  
  70  5:01  Zergling x2  
  70  5:02  Overlord  
  70  5:03  Drone x2  
  70  5:05  Drone x2  
  75  5:11  Drone x2, Overlord  
  75  5:15  Lair  
  75  5:21  Zergling x4  
  75  5:25  Drone x2  
  79  5:28  Overlord  
  79  5:30  Queen  
  79  5:35  Queen  
  81  5:36  Drone  
  81  5:37  Drone  
  81  5:41  Drone, Extractor x2  
  84  5:42  Baneling Nest  
  84  5:43  Drone x2  
  84  5:45  Zergling x2  
  84  5:48  Zergling x2  
  87  5:52  Spore Crawler x2  
  87  5:53  Evolution Chamber  
  87  5:54  Zergling x4  
  87  5:56  Drone  
  81  5:58  Drone x3  
  81  5:59  Drone  
  85  6:04  Zergling x2  
  85  6:05  Drone x3  
  85  6:06  Drone x2  
  91  6:13  Queen  
  91  6:15  Drone x3  
  91  6:17  Drone x2, Evolution Chamber  
  93  6:20  Evolution Chamber  
  90  6:29  Zergling x4  
  90  6:30  Zergling x4  
  90  6:32  Zergling x6  
  89  6:33  Drone x4  
  89  6:34  Drone  
  89  6:36  Centrifugal Hooks  
  89  6:38  Drone x2  
  89  6:39  Overseer  
  92  6:48  Drone  
  92  6:49  Drone x4  
  92  6:50  Evolution Chamber  
  92  6:51  Drone x2  
  92  6:52  Evolution Chamber  
  97  6:55  Overlord  
  97  6:56  Zergling x2  
  97  6:59  Baneling  
  97  7:00  Baneling x7  
  99  7:01  Zergling x4  
  99  7:06  Overlord  
  99  7:07  Zergling x2  
  101  7:09  Queen  
  101  7:11  Overseer  
  101  7:15  Zergling x16  
  111  7:19  Zerg Ground Armor Level 1, Zerg Melee Weapons Level 1  
  97  7:38  Zergling x24  
  97  7:41  Baneling x5  
  108  7:48  Drone x3  
  108  7:50  Zergling x2  
  108  7:51  Zergling x12  
  118  7:55  Drone  
  119  7:59  Spore Crawler, Overlord, Drone  
  119  8:00  Spore Crawler  
  119  8:02  Extractor  
  119  8:03  Hydralisk Den  
  119  8:05  Baneling x12  
  116  8:06  Baneling  
  116  8:10  Extractor  
  115  8:13  Drone x4  
  115  8:15  Overlord x3  
  115  8:19  Baneling x3  
  119  8:20  Zergling x4  
  119  8:21  Zergling x12  
  121  8:27  Drone  
  121  8:28  Zergling x10  
  121  8:31  Zergling x2  
  128  8:37  Zergling x6  
  128  8:39  Zergling x4  
  133  8:42  Grooved Spines  
  133  8:43  Baneling x3  
  133  8:44  Baneling  
  133  8:47  Zergling x2  
  133  8:48  Zergling x8  
  138  8:50  Baneling  
  138  8:52  Overseer  
  138  8:56  Drone  
  138  8:57  Drone x3, Extractor  
  138  8:59  Drone  
  138  9:01  Hydralisk x5  
  151  9:04  Zergling x4  
  151  9:07  Hatchery  
  151  9:08  Zergling x6  
  152  9:12  Drone  
  152  9:15  Zergling x8  
  150  9:19  Overlord x2  
  150  9:21  Hatchery  
  149  9:25  Extractor  
  149  9:26  Zerg Melee Weapons Level 2  
  149  9:27  Drone  
  149  9:29  Zergling x8  
  152  9:35  Baneling x10  
  151  9:40  Zergling x26  
  151  9:44  Baneling x2  
  162  9:54  Zergling x16  
  165  10:01  Zergling x4  
  165  10:04  Infestation Pit, Overlord x3  
  165  10:05  Overlord  
  163  10:09  Zerg Ground Armor Level 2  
  163  10:12  Baneling x3  
  163  10:13  Baneling x8, Zergling x2  
  163  10:14  Zergling x14  
  156  10:22  Zergling x14  
  156  10:24  Baneling x10  
  162  10:30  Muscular Augments  
  162  10:31  Drone x5  
  162  10:34  Queen  
  169  10:37  Zergling x10  
  174  10:43  Hive  
  174  10:46  Extractor  
  174  10:47  Drone x3  
  174  10:49  Lurker Den  
  175  10:52  Zergling x2  
  175  10:53  Zergling x10  
  175  10:55  Burrow  
  181  11:01  Hydralisk  
  181  11:02  Hydralisk x3  
  180  11:15  Zergling x28  
  180  11:18  Zergling x6  
  173  11:27  Zergling x18  
  180  11:34  Baneling x8, Zergling x2  
  180  11:35  Zergling x4  
  184  11:40  Zergling x8  
  184  11:45  Baneling x11  
  185  11:48  Drone  
  185  11:50  Zergling x6  
  189  11:55  Overlord x2  
  189  11:58  Adrenal Glands  
  189  11:59  Baneling x4, Ultralisk Cavern  
  188  12:02  Seismic Spines  
  186  12:13  Zergling x24  
  192  12:21  Spore Crawler, Zerg Missile Weapons Level 1, Viper x2  
  195  12:32  Zergling x14  
  199  12:44  Extractor x2  
  198  12:48  Drone  
  198  12:49  Drone  
  199  12:54  Baneling x20  
  196  12:59  Drone x3, Adaptive Talons  
  196  13:04  Hatchery  
  191  13:06  Hatchery  
  190  13:13  Drone x7  
  190  13:14  Drone x2  
  190  13:17  Zergling x2  
  197  13:36  Spire  
  193  13:45  Hydralisk x5  
  196  13:50  Spire  

Tags
 
Add a new tag
Caveats
  • Supply blocks, unpowered buildings, or Contaminate may cause inaccurate times.
  • Supply counts are checked every 10 seconds.